 Dungeon Crawl Stone Soup version 0.29.1-15-g9cfb28693d (webtiles) character file.

Game seed: 1319067583776058279

113 Hugehornet the Stinger (level 4, -1/28 HPs)
             Began as an Octopode Transmuter on Mar 25, 2023.
             Slain by a gnoll
             ... wielding a +0 halberd
              (10 damage)
             ... on level 1 of the Dungeon.
             The game lasted 00:02:38 (2510 turns).

Hugehornet the Stinger (Octopode Transmuter)        Turns: 2510, Time: 00:02:38

Health: -1/28      AC:  1    Str:  9    XL:     4   Next: 96%
Magic:  6/7        EV: 13    Int: 17    God:
Gold:   138        SH:  0    Dex: 12    Spells: 3/7 levels left

rFire   . . .      SeeInvis .     - Unarmed
rCold   . . .      Faith    .   (no shield)
rNeg    . . .      Spirit   .   (helmet currently unavailable)
rPois   .          Reflect  .   (no amulet)
rElec   .          Harm     .   (no ring)
rCorr   .          Rampage  .   (no ring)
Will    .....                   (no ring)
Stlth   ++........              (no ring)
HPRegen 0.09/turn               (no ring)
MPRegen 0.10/turn               (no ring)
                                (no ring)
                                (no ring)

@: appendages (expiring)
A: tentacle spike 3, almost no armour, amphibious, 8 rings, camouflage 1,
gelatinous body 1, (nimble swimmer 1), tentacles
a: End Transformation


You were on level 1 of the Dungeon.
One of your tentacles had grown a beastly spike.
You visited 1 branch of the dungeon, and saw 2 of its levels.

You collected 138 gold pieces.

Inventory:

Scrolls
 b - a scroll of butterflies {unknown}
 c - a scroll of immolation {unknown}
 d - a scroll of blinking {unknown}
 e - a scroll of amnesia {unknown}
 f - a scroll of enchant armour {unknown}
Potions
 a - a potion of lignification
 g - a potion of might {unknown}


   Skills:
 - Level 1.0 Fighting
 - Level 2.0 Dodging
 - Level 3.0 Unarmed Combat
 - Level 2.0 Spellcasting
 - Level 3.5 Transmutations
 * Level 3.8 Poison Magic


You had 3 spell levels left.
You knew the following spells:

 Your Spells              Type           Power      Damage    Failure   Level
a - Beastly Appendage     Tmut           26%        N/A       4%          1
b - Spider Form           Tmut/Pois      14%        N/A       13%         3

Your spell library contained the following spells:

 Spells                   Type           Power      Damage    Failure   Level
 Wereblood                Tmut           13%        N/A       7%          2
 Ignite Poison            Fire/Tmut/Pois 10%        N/A       22%         3
 Conjure Flame            Conj/Fire      1%         6-21      50%         3
 Ice Form                 Ice/Tmut       7%         N/A       67%         4
 Sticky Flame             Conj/Fire      1%         2d3       88%         4


Dungeon Overview and Level Annotations

Branches:
Dungeon (2/15)

Altars:


Innate Abilities, Weirdness & Mutations

One of your tentacles has grown a beastly spike.
You cannot wear most types of armour.
You are amphibious.
You can wear up to eight rings at the same time.
Your skin changes colour to match your surroundings (Stealth+).
Your rubbery body absorbs attacks. (AC +1, EV +1)
((You are camouflaged when in or above water. (Stealth+)))
You have tentacles for arms and can constrict up to eight enemies at once.


Message History

The gnoll misses you. The gnoll barely misses you.
You climb upwards.
There is a stone staircase leading down here.
You barely miss the gnoll. You grab the gnoll.
The gnoll is lightly wounded.
You constrict the gnoll. The gnoll barely misses you.
You tentacle-slap the gnoll. You squeeze the gnoll.
The gnoll is severely wounded.
You constrict the gnoll, but do no damage.
The gnoll closely misses you.
You tentacle-slap the gnoll.
You pierce the gnoll.
You kill the gnoll!
Things that are here:
a +0 halberd; a gnoll corpse You start resting.
Your tentacle spike disappears.
HP restored.
There is a stone staircase leading down here.
You climb downwards.
There is a stone staircase leading up here.
The gnoll hits you with a +0 halberd.
You climb upwards.
There is a stone staircase leading down here.
Casting: Beastly Appendage (safe; 4% risk of failure)
Confirm with . or Enter, or press ? or * to list all spells.
One of your tentacles grows a vicious spike.
Your transformation is almost over.
The gnoll barely misses you.
You barely miss the gnoll. You grab the gnoll.
You tentacle-slap the gnoll, but do no damage.
You constrict the gnoll, but do no damage.
The gnoll hits you with a +0 halberd!
You are too injured to fight recklessly!
You are too injured to fight recklessly!
You are too injured to fight recklessly!
You tentacle-slap the gnoll.
The gnoll is lightly wounded.
You constrict the gnoll, but do no damage.
The gnoll hits you with a +0 halberd!
You die...

#...# ##'#### #.#.#
#...... #...# #......
##.## #......
####.##########......
#....................
#.##.##.......#......
#.##)##..............
#.##@g........#..####
#.#####.......#..####
#.#####.......#._....
#.............##.####
################)#
##...##.# ##.###.#.#
#.## ##..#### #####.#
#......


You could see a gnoll.

Vanquished Creatures
  Jessica (D:2)
  4 gnolls
  An adder (D:2)
  A worm (D:2)
  2 dart slugs (D:2)
  2 ball pythons
  2 endoplasms (D:1)
  2 giant cockroaches (D:1)
  3 goblins (D:1)
  3 hobgoblins (D:1)
  3 bats
  4 frilled lizards
  3 kobolds
  5 rats
36 creatures vanquished.

Notes
Turn   | Place    | Note
-------+----------+-------------------------------------------
     0 | D:1      | Hugehornet the Octopode Transmuter began the quest for the
                  | Orb.
     0 | D:1      | Reached XP level 1. HP: 13/13 MP: 3/3
   324 | D:1      | You fall into a shaft and drop 1 floor!
   347 | D:2      | Noticed Jessica
   354 | D:2      | Killed Jessica
   355 | D:2      | Reached XP level 2. HP: 9/18 MP: 3/5
   355 | D:2      | Reached XP level 3. HP: 12/23 MP: 3/6
   359 | D:2      | Learned a level 3 spell: Spider Form
   567 | D:2      | Reached skill level 1 in Poison Magic
   712 | D:1      | Found a faded altar of an unknown god.
  1051 | D:1      | Reached XP level 4. HP: 28/28 MP: 5/7
  2510 | D:1      | Slain by a gnoll

Illustrated notes

Levels and vault maps discovered:
D:1:      lightli_arrival_isolated_outpost, layout_loops_corners,
          basic_ecumenical_altar
D:2:      layout_loops_corners, uniq_jessica, uniq_crazy_yiuf_cottage

Skill      XL: |  1  2  3  4 |
---------------+-------------+-----
Transmutations | 3 |  3.5
Poison Magic   | 2 3 |  3.8
Fighting       | |  1.0
Dodging        | |  2.0
Unarmed Combat | |  3.0
Spellcasting   | |  2.0

Action                   |  1- 3 |  4- 6 || total
-------------------------+-------+-------++-------
Melee: Unarmed           |    45 |    38 ||    83
       Kick              |    13 |    15 ||    28
       Constrict         |    12 |    15 ||    27
       Tentacles         |     8 |     8 ||    16
       Punch             |       |     4 ||     4
 Cast: Beastly Appendage |    18 |    14 ||    32
 Stab: Sleeping          |     1 |     2 ||     3
Armor: Skin              |     6 |     2 ||     8
Dodge: Dodged            |    22 |    35 ||    57
